 Dungeon Crawl Stone Soup version 0.24-a0-230-g536ed4e33c (webtiles) character file.

Game seed: 4702879698512001039

18 Roikka the Grave Robber (level 2, -3/23 HPs)
             Began as a Hill Orc Necromancer on Apr 2, 2019.
             Slain by a gnoll
             ... wielding a +0 whip
              (8 damage)
             ... on level 1 of the Dungeon.
             The game lasted 00:04:47 (1420 turns).

Roikka the Grave Robber (Hill Orc Necromancer)      Turns: 1420, Time: 00:04:48

Health: -3/23      AC:  3    Str: 10    XL:     2   Next: 70%
Magic:  0/4        EV: 11    Int: 15    God:
Gold:   76         SH:  3    Dex: 11    Spells: 2/4 levels left

rFire    . . .     SeeInvis .   r - +0 hand axe
rCold    . . .     Gourm    .   o - +0 buckler
rNeg     . . .     Faith    .   a - +0 robe
rPois    .         Spirit   .   i - +0 helmet (curse)
rElec    .         Reflect  .   (no cloak)
rCorr    .         Harm     .   (no gloves)
MR       .....                  (no boots)
Stlth    ++........             (no amulet)
HPRegen  0.07/turn              (no ring)
MPRegen  0.09/turn              (no ring)

@: very slightly contaminated
A: no striking features
a: no special abilities


You were on level 1 of the Dungeon.
You were not hungry.

You visited 1 branch of the dungeon, and saw 2 of its levels.

You collected 76 gold pieces.

Inventory:

Hand Weapons
 r - a +0 hand axe (weapon)
Armour
 a - a +0 robe (worn)
 i - a cursed +0 helmet (worn)
 o - a +0 buckler (worn)
Jewellery
 k - an uncursed ring of protection from magic {unknown}
 p - an uncursed ring of resist corrosion {unknown}
Scrolls
 b - a scroll of remove curse {unknown}
 d - 2 scrolls of magic mapping {unknown}
 h - a scroll of random uselessness {unknown}
 j - a scroll of blinking {unknown}
 l - a scroll of identify {unknown}
 m - a scroll of immolation {unknown}
 n - a scroll of fear {unknown}
Potions
 e - a potion of heal wounds {unknown}
 f - a potion of curing {unknown}
 g - a potion of lignification {unknown}
Comestibles
 c - 7 rations
 q - 3 chunks of flesh


   Skills:
 - Level 1.1 Fighting
 - Level 1.5 Dodging
 - Level 1.5 Stealth
 * Level 0.5 Shields
 + Level 1.9 Spellcasting
 + Level 4.2 Necromancy


You had 2 spell levels left.
You knew the following spells:

 Your Spells              Type           Power        Failure   Level  Hunger
a - Pain                  Necr           ##..         6%          1    ##.....
b - Animate Skeleton      Necr           N/A          6%          1    ##.....

Your spell library contained the following spells:

 Spells                   Type           Power        Failure   Level  Hunger
 Vampiric Draining        Necr           ##........   19%         3    ####...
 Regeneration             Chrm/Necr      #.........   41%         3    ####...
 Animate Dead             Necr           N/A          52%         4    #####..


Dungeon Overview and Level Annotations

Branches:
Dungeon (2/15)

Altars:
Trog


Message History

Press: ? - help, Shift-Dir - straight line, f/p - gnoll
Aim: a gnoll, wielding a +0 whip (moderately wounded, chance to defeat MR: 79%)
The gnoll barely resists.
The gnoll hits you with a +0 whip.
Casting: Pain (safe; 6% risk of failure)
Confirm with . or Enter, or press ? or * to list all spells.
Aiming: Pain (safe; 6% risk of failure)
Press: ? - help, Shift-Dir - straight line, f/p - gnoll
Aim: a gnoll, wielding a +0 whip (moderately wounded, chance to defeat MR: 79%)
The gnoll writhes in agony.
The gnoll hits you with a +0 whip.
* * * LOW HITPOINT WARNING * * *
Casting: Pain (safe; 6% risk of failure)
Confirm with . or Enter, or press ? or * to list all spells.
Aiming: Pain (safe; 6% risk of failure)
Press: ? - help, Shift-Dir - straight line, f/p - gnoll
Aim: a gnoll, wielding a +0 whip (severely wounded, chance to defeat MR: 79%)
The gnoll writhes in agony.
The gnoll hits you but does no damage.
You hit the gnoll but do no damage.
The gnoll is almost dead.
The gnoll hits you with a +0 whip!
You die...

######## #### #......# #..##
#......# #...### #......# #.....#
####...### #######.##.# ##.....
#...###.##.## #..###
#.....(...g.# ##.##
#.........@.## #..##
#............# ##... ##
#............# ##♣#### .#
#............# ♣#.#♣ # .#
#...>........# ♣####.#.♣#♣♣ .#
#............# #...........
.######............# #...........
...Z...............#♣#..####+##..
........##.........#≈#..#.....#..


You could see a gnoll.

Vanquished Creatures
  A dart slug (D:1)
  An orc (D:2)
  2 goblins
  3 hobgoblins
  A jackal (D:2)
  4 bats
  A rat (D:1)
13 creatures vanquished.

Vanquished Creatures (collateral kills)
  A frilled lizard (D:1)
  A rat (D:1)
2 creatures vanquished.

Grand Total: 15 creatures vanquished

Notes
Turn   | Place    | Note
-------+----------+-------------------------------------------
     0 | D:1      | Roikka the Hill Orc Necromancer began the quest for the
                  | Orb.
     0 | D:1      | Reached XP level 1. HP: 14/14 MP: 3/3
   492 | D:1      | Reached skill level 1 in Fighting
   492 | D:1      | Reached XP level 2. HP: 23/23 MP: 2/4
   539 | D:1      | Learned a level 1 spell: Animate Skeleton
   933 | D:2      | Found a bloodstained altar of Trog.
  1420 | D:1      | Slain by a gnoll

Levels and vault maps discovered:
D:1:      saegor_arrival_under_anarchy, layout_rooms, minmay_3d_cube
D:2:      minmay_angry_zag, layout_rooms, bloody_trog

Skill      XL: |  1 |
---------------+----+-----
Fighting       | 1 |  1.1
Dodging        | |  1.5
Stealth        | |  1.5
Shields        | |  0.5
Spellcasting   | |  1.9
Necromancy     | |  4.2

Action                   || total
-------------------------++-------
Melee: Club              ||    21
       Hand axe          ||     1
 Cast: Pain              ||    31
       Animate Skeleton  ||     5
 Stab: Sleeping          ||     2
  Eat: Chunk             ||     2
Armor: Robe              ||    15
Dodge: Dodged            ||    27
Block: Buckler           ||     4

Table legend:
 A = Non-vault XP
 B = Vault XP
 C = Vault XP percentage of total XP
 D = Non-vault monster count
 E = Vault monster count
 F = Vault count percentage of total count
                 A         B        C        D         E       F
            +---------+---------+-------+---------+---------+-------
      Total |      13 |      14 |  51.9 |       8 |       7 |  46.7
            +---------+---------+-------+---------+---------+-------
        D:1 |      10 |       5 |  33.3 |       6 |       3 |  33.3
        D:2 |       3 |       9 |  75.0 |       2 |       4 |  66.7
            +---------+---------+-------+---------+---------+-------
